 Dungeon Crawl Stone Soup version 0.30-b1-2-g02819fbbbe (webtiles) character file.

Game seed: 9401641766796846561

3315 LLlMATKO the Cleaver (level 9, -7/123 HPs)
             Began as a Minotaur Berserker on Aug 8, 2023.
             Was an Elder of Trog.
             Mangled by a large slime creature (27 damage)
             ... on level 8 of the Dungeon.
             The game lasted 00:06:22 (6698 turns).

LLlMATKO the Cleaver (Minotaur Berserker)           Turns: 6698, Time: 00:06:22

Health: -7/123     AC: 18    Str: 27    XL:     9   Next: 70%
Magic:  8/8        EV: 11    Int:  4    God:    Trog [****..]
Gold:   463        SH:  8    Dex:  9    Spells: 8/8 levels left

rFire   . . .        a - +1 hand axe (protect)
rCold   . . .        D - +1 kite shield
rNeg    . . .        x - +0 scale mail {rPois}
rPois   +            (helmet restricted)
rElec   .            b - +0 cloak
rCorr   .            (no gloves)
SInv    .            s - +0 pair of boots
Will    .....        m - amulet of regeneration Stlth
                     (no ring)
HPRegen 1.20/turn    (no ring)
MPRegen 0.11/turn

%: no passive effects
@: berserking, under a protective aura, very quick
A: horns 2, retaliatory headbutt
a: Renounce Religion, Berserk, Trog's Hand, Brothers in Arms


You were on level 8 of the Dungeon.
You worshipped Trog.
Trog was greatly pleased with you.
You visited 1 branch of the dungeon, and saw 8 of its levels.

You collected 463 gold pieces.

Inventory:

Hand Weapons
 a - a +1 hand axe of protection (weapon)
 h - a +0 whip of electrocution
Missiles
 j - 27 poisoned darts (quivered)
 I - a curare-tipped dart
Armour
 b - a +0 cloak (worn)
 s - a +0 pair of boots (worn)
 x - a +0 scale mail of poison resistance (worn)
 C - a +0 plate armour
 D - a +1 kite shield (worn)
Jewellery
 m - an amulet of regeneration (around neck)
 w - a ring of ice
 A - a ring of poison resistance
Wands
 v - a wand of mindburst (7)
 y - a wand of digging (2)
 B - a wand of paralysis (11)
 G - a wand of light (7)
Scrolls
 g - 10 scrolls of teleportation
 i - 3 scrolls of noise
 k - a scroll of poison
 l - 3 scrolls of identify
 n - a scroll of enchant weapon
 o - a scroll of brand weapon
 u - a scroll of immolation
Potions
 c - 2 potions of might {unknown}
 d - a potion of attraction {unknown}
 e - 2 potions of curing {unknown}
 f - a potion of resistance {unknown}
 p - 3 potions of haste {unknown}
 q - a potion of invisibility {unknown}
 r - a potion of brilliance {unknown}
 t - 3 potions of cancellation {unknown}
 z - a potion of flight {unknown}
 H - a potion of mutation {unknown}


   Skills:
 + Level 8.9 Fighting
 + Level 8.9 Axes
 + Level 8.4 Armour
 + Level 7.7 Dodging
 + Level 3.3 Shields


You had 8 spell levels left.
You didn't know any spells.
Your spell library was empty.

Dungeon Overview and Level Annotations

Branches:
Dungeon (8/15)             Temple (0/1) D:7
   Lair: D:8-11

Altars:
Dithmenos

Shops:
D:1 [


Innate Abilities, Weirdness & Mutations

You have a pair of horns on your head.
You reflexively headbutt those who attack you in melee.


Message History

You block the enormous slime creature's attack.
The large slime creature barely misses you.
Unknown command.
You hit the large slime creature.
The large slime creature is almost dead.
You slash the enormous slime creature! You slash the large slime creature!
The large slime creature is almost dead.
You slash the enormous slime creature!
A large slime creature splits.
The enormous slime creature completely misses you.
Unknown command.
You slash the slime creature!
You kill the slime creature!
Trog accepts your kill.
You slash the enormous slime creature! You slash the slime creature!
You kill the slime creature!
Trog accepts your kill. The enormous slime creature hits you!!!
* * * LOW HITPOINT WARNING * * *
Your Shields skill increases to level 3!
You are too injured to fight recklessly!
You are too injured to fight recklessly!
Unknown command.
You are too injured to fight recklessly!
You are too injured to fight recklessly!
You slash the enormous slime creature!
Your headbutt misses the enormous slime creature.
The enormous slime creature is moderately wounded.
You hit the enormous slime creature.
You headbutt the enormous slime creature!!
The enormous slime creature is moderately wounded.
An enormous slime creature splits.
You slice the large slime creature!!
The large slime creature is heavily wounded.
You hit the large slime creature. You slash the large slime creature!
You headbutt the large slime creature!
The large slime creature is severely wounded.
You hit the large slime creature.
A large slime creature splits.
The large slime creature hits you!!
You die...

. # # ..# # ...# ..#
. ####..### ...
###.......##
.....###..........#
......J@..........##
......JJ#..........#
.....###...........#
. ...#
##...........##...
##
#.............#...
#.............#...
#.............#...
#.................
#............^.....


You could see a large slime creature and 2 slime creatures.

Vanquished Creatures
  A two-headed ogre (D:8)
  Pikel (D:5)
  2 slime creatures (D:8)
  Menkaure (D:5)
  A water moccasin (D:8)
  2 orc warriors
  2 black bears (D:6)
  2 ogres
  2 centaurs (D:6)
  The ghost of NimIero the Gusty, an amateur TeAE (D:3)
  3 kobold brigands
  4 lemures (D:5)
  A bullfrog (D:7)
  4 howler monkeys
  2 hounds
  Ijyb (D:5)
  2 iguanas
  2 sleepcaps
  3 orc wizards (D:6)
  A mummy (D:4)
  Robin (D:3)
  8 gnolls
  6 adders
  A shadow imp (D:6)
  A white imp (D:5)
  An ufetubus (D:4)
  3 worms
  3 dart slugs
  12 orcs
  3 ball pythons
  9 endoplasms
  4 giant cockroaches
  20 goblins
  9 hobgoblins
  7 jackals (D:3)
  2 quokkas (D:4)
  3 bats
  3 frilled lizards
  A hobgoblin zombie (D:4)
  25 kobolds
  A kobold zombie (D:4)
  2 orc zombies (D:4)
  3 rats
166 creatures vanquished.

Vanquished Creatures (others)
  A fungus (D:1)
  A plant (D:1)
2 creatures vanquished.

Grand Total: 168 creatures vanquished

Notes
Turn   | Place    | Note
-------+----------+-------------------------------------------
     0 | D:1      | LLlMATKO the Minotaur Berserker began the quest for the
                  | Orb.
     0 | D:1      | Reached XP level 1. HP: 19/19 MP: 0/0
    32 | D:1      | Found a faded altar of an unknown god.
    85 | D:1      | Reached XP level 2. HP: 27/27 MP: 1/1
   352 | D:1      | Found Baluitup's Antique Armour Boutique.
  1605 | D:2      | Reached XP level 3. HP: 23/33 MP: 2/2
  1891 | D:2      | Reached ** piety under Trog
  2336 | D:3      | Reached XP level 4. HP: 41/41 MP: 3/3
  2515 | D:3      | Found a shadowy altar of Dithmenos.
  2589 | D:3      | Found a runed translucent door.
  2589 | D:3      | Noticed NimIero's ghost (amateur TeAE)
  2793 | D:3      | Reached XP level 5. HP: 45/47 MP: 4/4
  2880 | D:3      | Noticed Robin
  2891 | D:3      | Killed Robin
  2891 | D:3      | Reached *** piety under Trog
  3126 | D:3      | Killed NimIero's ghost
  3127 | D:3      | Reached skill level 5 in Fighting
  3127 | D:3      | Reached skill level 5 in Axes
  3293 | D:4      | Reached XP level 6. HP: 56/56 MP: 5/5
  4007 | D:5      | Entered Level 5 of the Dungeon
  4238 | D:5      | Reached skill level 5 in Armour
  4238 | D:5      | Reached XP level 7. HP: 57/62 MP: 6/6
  4290 | D:5      | Noticed Pikel
  4301 | D:5      | Killed Pikel
  4302 | D:5      | Reached skill level 5 in Dodging
  4302 | D:5      | Reached XP level 8. HP: 71/71 MP: 7/7
  4444 | D:5      | Noticed Ijyb
  4453 | D:5      | Killed Ijyb
  4579 | D:5      | Noticed Menkaure
  4588 | D:5      | Killed Menkaure
  5769 | D:6      | Reached XP level 9. HP: 46/81 MP: 8/8
  6101 | D:7      | Reached **** piety under Trog
  6257 | D:7      | Found a staircase to the Ecumenical Temple.
  6354 | D:7      | Reached skill level 1 in Shields
  6618 | D:8      | Noticed a two-headed ogre
  6630 | D:8      | Killed a two-headed ogre
  6698 | D:8      | Mangled by a large slime creature

Illustrated notes

Levels and vault maps discovered:
D:1:      nicolae_arrival_somewhat_less_tricky_arrival, layout_basic,
          serial_shops, shop, shapermc_ecumenical_altar_rom_forum,
          lemuel_flame_loot_1
D:2:      layout_loops_corners
D:3:      kennysheep_goblin_castle, layout_loops_ring,
          mainiacjoe_overflow_concentric_impassable,
          hellmonk_ghost_happy_afterlife
D:4:      layout_loops_cross, minmay_mini_ossuary
D:5:      layout_basic, uniq_ijyb, uniq_pikel, uniq_menkaure
D:6:      layout_loops_ring, dk_noncrumbling_3
D:7:      layout_cave_pools, minmay_temple_entry_overgrown
D:8:      layout_cave_pods, fedhas_bush_and_centaur_altar, serial_shops, shop,
          enter_bailey_4

Skill      XL: |  1  2  3  4  5  6  7  8  9 |
---------------+----------------------------+-----
Fighting       | 4 5 6 7 8 |  8.9
Axes           | 4 5 6 7 8 |  8.9
Armour         | 3 4 5 6 7 8 |  8.4
Dodging        | 3 4 5 6 7 |  7.7
Shields        | 3 |  3.3

Action                     |  1- 3 |  4- 6 |  7- 9 || total
---------------------------+-------+-------+-------++-------
  Melee: Hand axe          |    80 |   131 |   234 ||   445
         Headbutt          |     6 |    21 |    39 ||    66
         Punch             |       |       |     2 ||     2
  Throw: Dart              |       |       |     5 ||     5
 Invoke: Berserk           |     1 |     3 |     9 ||    13
         Trog's Hand       |       |     1 |       ||     1
    Use: Scroll            |       |       |     9 ||     9
 Armour: Animal skin       |     8 |       |       ||     8
         Chain mail        |    31 |    66 |    16 ||   113
         Scale mail        |       |       |    87 ||    87
  Dodge: Dodged            |    43 |    61 |   139 ||   243
  Block: Kite shield       |       |       |    11 ||    11
